 Dungeon Crawl Stone Soup version 0.22-a0-448-g1fb7470 (webtiles) character file.

1244 KristoblXynda the Sneak (level 8, -3/46 HPs)
             Began as an Octopode Venom Mage on June 4, 2018.
             Was an Initiate of Gozag.
             Slain by a sky beast (5 damage)
             ... on level 6 of the Dungeon.
             The game lasted 00:14:48 (6236 turns).

KristoblXynda the Sneak (Octopode Venom Mage)       Turns: 6236, Time: 00:14:49

Health: -3/46      AC:  1    Str:  8    XL:     8   Next: 50%
Magic:  13/16      EV: 13    Int: 19    God:    Gozag
Gold:   168        SH:  0    Dex: 12    Spells: 14/18 levels left

rFire    . . .     SeeInvis .   k - +1 short sword (drain)
rCold    + . .     Gourm    .   (no shield)
rNeg     . . .     Faith    .   (helmet restricted)
rPois    .         Spirit   .   (no amulet)
rElec    .         Reflect  .   v - ring of protection from cold
rCorr    .         Harm     .   u - ring of flight
MR       .....                  (no ring)
Stlth    ++++......             (no ring)
HPRegen  0.15/turn              (no ring)
MPRegen  0.15/turn              (no ring)
                                (no ring)
                                (no ring)

@: gold aura
A: almost no armour, stealthy swim, amphibious, 8 rings, constrict 8, camouflage
1, gelatinous body 1
a: Potion Petition, Call Merchant, Bribe Branch, Renounce Religion, Evoke Flight


You were on level 6 of the Dungeon.
You worshipped Gozag.
Gozag was aware of your devotion.
You were not hungry.

You visited 2 branches of the dungeon, and saw 7 of its levels.

You collected 301 gold pieces.
You spent 40 gold pieces at shops.
You paid 93 gold pieces to Gozag.

Inventory:

Hand Weapons
 h - a +1 short sword of speed
 k - a +1 short sword of draining (weapon)
Missiles
 j - 8 javelins of penetration (quivered)
Jewellery
 u - a ring of flight (right tentacle)
 v - a ring of protection from cold (left tentacle)
Wands
 m - a wand of acid (17)
Scrolls
 a - 2 scrolls of fear {unknown}
 e - 2 scrolls of teleportation
 f - a scroll of magic mapping {unknown}
 g - a scroll of remove curse
 q - 2 scrolls of amnesia {unknown}
 t - a scroll of enchant weapon {unknown}
 x - a scroll of blinking {unknown}
Potions
 c - a potion of ambrosia
 d - 2 potions of flight {unknown}
 i - a potion of cancellation {unknown}
 l - a potion of resistance {unknown}
 n - 2 potions of heal wounds
 o - a potion of lignification {unknown}
 p - 3 potions of brilliance
 s - a potion of berserk rage {unknown}
 w - 4 potions of curing
 z - a potion of agility
Comestibles
 b - 4 rations


   Skills:
 - Level 2.0 Dodging
 + Level 7.2 Stealth
 + Level 5.5 Spellcasting
 + Level 5.6 Conjurations
 - Level 5.2 Poison Magic
 + Level 1.0 Evocations


You had 14 spell levels left.
You knew the following spells:

 Your Spells              Type           Power        Failure   Level  Hunger
a - Sting                 Conj/Pois      ####         1%          1    None
b - Mephitic Cloud        Conj/Pois/Air  ###.....     8%          3    ##.....

Your spell library contained the following spells:

 Spells                   Type           Power        Failure   Level  Hunger
 Venom Bolt               Conj/Pois      ####......   34%         5    #####..
 Olgreb's Toxic Radiance  Pois           ####....     14%         4    ####...
 Poisonous Vapours        Pois/Air       ###...       6%          2    None


Dungeon Overview and Level Annotations

Branches:
Dungeon (6/15)             Temple (1/1) D:5

Altars:
Ashenzari
Cheibriados
Dithmenos
Fedhas
Gozag
Hepliaklqana
Kikubaaqudgha
Sif Muna
Trog
Wu Jian
Xom
Yredelemnul
The Shining One

Shops:
D:5 ?


Innate Abilities, Weirdness & Mutations

You cannot wear most types of armour.
You are very stealthy in the water. (Stealth+)
You are amphibious.
You can wear up to eight rings at the same time.
You can use your tentacles to constrict eight enemies at once.
Your skin changes colour to match your surroundings (Stealth+).
Your rubbery body absorbs attacks. (AC +1, EV +1)


Message History

Something shocks you.
* * * LOW HITPOINT WARNING * * *
Evoke which item? (* to show all) (? for menu, Esc to quit)
Aiming: Corrosive Bolt
Press: ? - help, Shift-Dir - straight line Something hits you but does no damage.
Evoke which item? (* to show all) (? for menu, Esc to quit)
Aiming: Corrosive Bolt
Press: ? - help, Shift-Dir - straight line Something completely misses you.
You closely miss something. Something hits you.
* * * LOW HITPOINT WARNING * * *
Something shocks you.
* * * LOW HITPOINT WARNING * * *
A quokka comes into view.
Something hits you.
* * * LOW HITPOINT WARNING * * *
Something shocks you.
You die...
Your body crumbles into a pile of gold.

r# $ .### ..#.
... #.. $ #.#
# #.# .#
#@#..# ##$..#
######.##.#
###...##.# ##
###......#.#
##..........#
##
#.........<.##
.##
#...........#
..#
#..........##


You could see a quokka.

Vanquished Creatures
  The ghost of Hook the Vexing, an amateur KoAM of Qazlal (D:3)
  2 sky beasts
  An ogre (D:5)
  An ice beast (D:6)
  2 centaurs (D:5)
  Blork the orc (D:6)
  A scorpion (D:4)
  5 hounds
  A bullfrog skeleton (D:4)
  An iguana (D:4)
  7 worker ants
  8 adders
  A worm (D:4)
  3 dart slugs
  7 leopard geckos
  7 orcs
  4 bats
  4 giant cockroaches
  8 goblins
  4 hobgoblins
  2 jackals (D:1)
  4 frilled lizards (D:1)
  6 kobolds
  6 rats
87 creatures vanquished.

Notes
Turn   | Place    | Note
-------+----------+-------------------------------------------
     0 | D:1      | KristoblXynda the Octopode Venom Mage began the quest for the Orb.
     0 | D:1      | Reached XP level 1. HP: 11/11 MP: 3/3
   206 | D:1      | Reached XP level 2. HP: 17/17 MP: 0/5
   893 | D:1      | Reached XP level 3. HP: 21/21 MP: 4/6
   916 | D:1      | Learned a level 3 spell: Mephitic Cloud
  1928 | D:2      | Reached XP level 4. HP: 27/27 MP: 4/8
  2451 | D:3      | Noticed Hook's ghost (amateur KoAM)
  2590 | D:3      | Killed Hook's ghost
  2590 | D:3      | Reached skill level 5 in Poison Magic
  2590 | D:3      | Reached XP level 5. HP: 31/31 MP: 8/10
  2742 | D:3      | Noticed a sky beast
  3055 | D:3      | Killed a sky beast
  3055 | D:3      | Reached skill level 3 in Stealth
  3055 | D:3      | Reached XP level 6. HP: 36/36 MP: 2/11
  3484 | D:4      | Reached skill level 4 in Stealth
  3597 | D:4      | Reached XP level 7. HP: 34/41 MP: 8/13
  4180 | D:4      | Reached skill level 5 in Stealth
  4342 | D:4      | Found a deep blue altar of Sif Muna.
  4778 | D:5      | Entered Level 5 of the Dungeon
  4801 | D:5      | Found Wick's Magic Scroll Emporium.
  4814 | D:5      | Bought a scroll of identify for 20 gold pieces
  4814 | D:5      | Bought a scroll of identify for 20 gold pieces
  5041 | D:5      | Reached skill level 6 in Stealth
  5041 | D:5      | Reached skill level 5 in Conjurations
  5041 | D:5      | Reached XP level 8. HP: 46/46 MP: 6/15
  5130 | D:5      | Reached skill level 5 in Spellcasting
  5704 | D:5      | Found a staircase to the Ecumenical Temple.
  5835 | Temple   | Entered the Ecumenical Temple
  5861 | Temple   | Became a worshipper of Gozag Ym Sagoz the Greedy
  5950 | D:6      | Noticed Blork the orc
  5959 | D:6      | Killed Blork the orc
  6049 | D:6      | Reached skill level 7 in Stealth
  6085 | D:6      | Reached skill level 1 in Evocations
  6236 | D:6      | HP: 2/46 [something (2)]
  6236 | D:6      | Slain by a sky beast

Vault maps used:
D:1:      dpeg_arrival_lava_altar
D:3:      wad_pebble_path, corexii_item_surrounded_by_moat, serial_park_tiny_1,
          kennysheep_generic_room_3
D:4:      lemuel_coloured_pillars_altar
D:5:      minmay_temple_entry_from_below_b, serial_shops, shop, first_ration
D:6:      minitemple, uniq_blork_the_orc
Temple:   nicolae_temple_x_marks_the_god

Skill      XL: |  1  2  3  4  5  6  7  8 |
---------------+-------------------------+-----
Poison Magic   | 4 5 |  5.2
Conjurations   | 2 3 4 5 |  5.6
Spellcasting   | 3 4 5 |  5.5
Stealth        | 3 4 6 7 |  7.2
Evocations     | 1 |  1.0
Dodging        | |  2.0

Action                   |  1- 3 |  4- 6 |  7- 9 || total
-------------------------+-------+-------+-------++-------
Melee: Unarmed           |    19 |       |       ||    19
       Constrict         |     6 |     9 |     6 ||    21
       Tentacles         |     3 |     7 |     5 ||    15
       Short sword       |    14 |    31 |    47 ||    92
 Cast: Sting             |    43 |    53 |    86 ||   182
       Mephitic Cloud    |       |     1 |     6 ||     7
Evoke: Wand              |       |     4 |     3 ||     7
  Use: Scroll            |       |     4 |     7 ||    11
       Potion            |       |     1 |       ||     1
 Stab: Sleeping          |       |     3 |       ||     3
  Eat: Chunk             |     3 |     3 |     2 ||     8
       Ration            |       |     1 |     2 ||     3
Armor: Skin              |     2 |       |     2 ||     4
Dodge: Dodged            |    30 |    25 |    28 ||    83

Table legend:
 A = Spawn XP
 B = Non-spawn XP
 C = Spawn XP percentage of total XP
 D = Spawn monster count
 E = Non-spawn monster count
 F = Spawn count percentage of total count
 G = Total turns spent on level
                    A         B        C        D         E        F      G
               +---------+---------+-------+---------+---------+-------+---------
         Total |       0 |    1778 |   0.0 |       0 |      87 |   0.0 |  6236
               +---------+---------+-------+---------+---------+-------+---------
           D:1 |       0 |      39 |   0.0 |       0 |      22 |   0.0 |  1640
           D:2 |       0 |      70 |   0.0 |       0 |      14 |   0.0 |   936
           D:3 |       0 |     334 |   0.0 |       0 |      16 |   0.0 |   727
           D:4 |       0 |     454 |   0.0 |       0 |      20 |   0.0 |  1475
           D:5 |       0 |     622 |   0.0 |       0 |      11 |   0.0 |  1036
           D:6 |       0 |     259 |   0.0 |       0 |       4 |   0.0 |   342
               +---------+---------+-------+---------+---------+-------+---------
